 Dungeon Crawl Stone Soup version 0.21-a0-39-g28ea6b7 (webtiles) character file.

176 KristoblXynda the Chopper (level 5, 0/45 HPs)
             Began as a Draconian Monk on June 1, 2017.
             Succumbed to a worker ant's poison
             ... on level 4 of the Dungeon.
             The game lasted 00:04:21 (2741 turns).

KristoblXynda the Chopper (Draconian Monk)          Turns: 2741, Time: 00:04:21

Health: 0/45       AC:  5    Str: 14    XL:     5   Next: 30%
Magic:  1/5        EV: 13    Int: 11    God:
Gold:   95         SH:  0    Dex: 13    Spells: 4/4 levels left

rFire    . . .     SeeInvis .   a - +0 hand axe
rCold    . . .     Gourm    .   (no shield)
rNeg     . . .     Faith    .   (armour unavailable)
rPois    .         Spirit   +   (helmet restricted)
rElec    .         Reflect  .   (no cloak)
rCorr    .         Harm     .   (no gloves)
MR       .....                  (no boots)
Stlth    ++........             c - amulet of guardian spirit
Regen    0.2/turn               (no ring)
MPRegen  0.1/turn               (no ring)

@: lethally poisoned (0 -> -3), very slightly contaminated
A: unfitting armour, cold-blooded, AC +5
a: no special abilities


You were on level 4 of the Dungeon.
You were not hungry.

You visited 1 branch of the dungeon, and saw 4 of its levels.

You collected 95 gold pieces.

Inventory:

Hand Weapons
 a - a +0 hand axe (weapon)
Armour
 i - a +0 shield
Jewellery
 c - an amulet of guardian spirit (around neck)
Comestibles
 b - 4 bread rations
 d - 2 chunks of flesh
 f - a royal jelly


   Skills:
 - Level 3.2 Fighting
 * Level 5.0 Axes
 + Level 3.3 Dodging
 + Level 2.9 Stealth


You had 4 spell levels left.
You didn't know any spells.

Dungeon Overview and Level Annotations

Branches:
Dungeon (4/15)
 Temple: D:4-7

Altars:


Innate Abilities, Weirdness & Mutations

Your plain brown scales are hard. (AC +5)
You cannot fit into any form of body armour.
You are cold-blooded and may be slowed by cold attacks.


Message History

The worker ant is moderately wounded.
* * * LOW HITPOINT WARNING * * *
You feel sick. The worker ant barely misses you.
You closely miss the worker ant.
You tail-slap the worker ant, but do no damage.
The worker ant is moderately wounded.
The worker ant barely misses you.
Unknown command.
You hear the sound of rushing water.
There is an entrance to a sewer on this level.
Hurry and find it before the portal rusts away!
Welcome back, KristoblXynda the Draconian Monk.
Press ? for a list of commands and other information.
Unknown command.
You hit the worker ant.
You tail-slap the worker ant, but do no damage.
The worker ant is moderately wounded.
The worker ant closely misses you.
You hit the worker ant.
The worker ant is heavily wounded.
You die...

## ### ..
####.##.####
#...........
#.##.#####.......###.
#......@al.#...#.#
#..#.########l## #
#<# #.# #ยง# #...#
#.....# #.......#
#...?.....#


You could see an iguana and a worker ant.

Vanquished Creatures
  A howler monkey (D:3)
  An orc priest (D:3)
  5 adders (D:2)
  2 leopard geckos
  4 orcs
  3 giant cockroaches
  4 goblins
  6 hobgoblins
  6 jackals (D:1)
  3 quokkas (D:2)
  3 ball pythons
  6 bats
  3 frilled lizards
  6 kobolds
  A leopard gecko skeleton (D:3)
  10 rats
64 creatures vanquished.

Notes
Turn   | Place    | Note
-------+----------+-------------------------------------------
     0 | D:1      | KristoblXynda the Draconian Monk began the quest for the Orb.
     0 | D:1      | Reached XP level 1. HP: 19/19 MP: 1/1
   181 | D:1      | Reached XP level 2. HP: 21/26 MP: 2/2
   643 | D:1      | Reached XP level 3. HP: 27/31 MP: 3/3
   710 | D:1      | Reached skill level 4 in Axes
  1495 | D:2      | Reached XP level 4. HP: 27/38 MP: 4/4
  2572 | D:2      | Reached XP level 5. HP: 42/45 MP: 3/5
  2620 | D:3      | Reached skill level 5 in Axes
  2719 | D:4      | Noticed a phantom
  2737 | D:4      | HP: 2/45 [poisoned by a worker ant]
  2741 | D:4      | Succumbed to a worker ant's poison

Vault maps used:
D:1:      matt_arrival_spirals, minmay_pentomino_r2
D:2:      kennysheep_generic_room_5
D:3:      minmay_shallow_snake_nest
D:4:      overflow_temple_1_default, gup_sewer_entry_spiral, uniq_edmund,
          uniq_blork_the_orc, uniq_eustachio

Skill      XL: |  1  2  3  4  5 |
---------------+----------------+-----
Stealth        | 2 |  2.9
Axes           | 4 5 |  5.0
Dodging        | 3 |  3.3
Fighting       | |  3.2

Action                   |  1- 3 |  4- 6 || total
-------------------------+-------+-------++-------
Melee: Hand axe          |   145 |   104 ||   249
       Tailslap          |    13 |    10 ||    23
  Use: Potion            |     1 |       ||     1
       Scroll            |       |     7 ||     7
 Stab: Sleeping          |     2 |     3 ||     5
  Eat: Chunk             |     2 |       ||     2
       Meat ration       |     1 |       ||     1
Armor: Skin              |    57 |    30 ||    87
Dodge: Dodged            |   135 |   103 ||   238
